[ AOE2 MATCH · #513627982 ]
UnrankedMuisca vs Magyars
Player's team · LOSS
Rival team · WIN
[ REPLAY ANALYSIS · EXTRACTED FROM THE RECORDED GAME ]
Feudal
16:10
Castle
20:09
Imperial
35:06
| APM avg | 30.6 |
| APM peak | 79 |
| eAPM avg | 14.7 |
| Villagers / military | 101 / 39 |
Focus
⚔️ 35.2% · 🌾 64.8%
Unknown (2562) ×35 · Hulk ×15 · Unknown (2586) ×14 · Fishing Ship ×10 · Fire Galley ×9 · Trebuchet (Packed) ×9
Feudal
13:44
Castle
21:48
Imperial
34:53
| APM avg | 32.2 |
| APM peak | 78 |
| eAPM avg | 14.7 |
| Villagers / military | 129 / 94 |
Focus
⚔️ 36.2% · 🌾 63.8%
Magyar Huszar ×52 · Fishing Ship ×30 · Hulk ×21 · Galley ×8 · Fire Galley ×4 · Cavalry Archer ×4
Match map
Initial resources + every placement click. Lines = walls · curves = elevation contours. ◆ gold · ⬟ stone · ● berries · ✦ relic · ◌ wall gap
Your base· Open — unwalled flank
HighPingWizard's base· Open — unwalled flank
Smoothed initial terrain · ◌ = detected wall gap · hover for details
Inputs per minute
— niksu - - HighPingWizard
Build order — niksu
First 150 of 336 actions detected
| 0:09 | Build | Dock |
| 0:11 | Build | House |
| 0:35 | Build | Town Center |
| 2:29 | Queue | Villager (Male) |
| 2:29 | Queue | Villager (Male) |
| 2:30 | Queue | Villager (Male) |
| 2:30 | Queue | Villager (Male) |
| 2:30 | Queue | Villager (Male) |
| 3:29 | Queue | Fishing Ship |
| 3:50 | Build | House |
| 4:01 | Queue | Villager (Male) |
| 4:40 | Queue | Villager (Male) |
| 5:03 | Queue | Villager (Male) |
| 5:31 | Queue | Villager (Male) |
| 5:31 | Queue | Villager (Male) |
| 5:33 | Queue | Fishing Ship |
| 5:47 | Queue | Villager (Male) |
| 6:14 | Queue | Villager (Male) |
| 6:17 | Build | House |
| 6:28 | Queue | Villager (Male) |
| 6:45 | Queue | Villager (Male) |
| 6:58 | Queue | Fishing Ship |
| 6:59 | Queue | Villager (Male) |
| 7:24 | Queue | Villager (Male) |
| 7:30 | Queue | Fishing Ship |
| 7:30 | Queue | Fishing Ship |
| 7:43 | Build | House |
| 7:47 | Research | Loom |
| 7:51 | Queue | Villager (Male) |
| 8:08 | Queue | Villager (Male) |
| 8:11 | Queue | Villager (Male) |
| 8:46 | Build | Barracks |
| 8:51 | Queue | Villager (Male) |
| 9:20 | Queue | Villager (Male) |
| 9:47 | Build | Settlement |
| 9:50 | Queue | Unit 2550 |
| 9:50 | Queue | Unit 2550 |
| 9:58 | Queue | Fishing Ship |
| 9:58 | Queue | Fishing Ship |
| 10:00 | Build | House |
| 10:28 | Queue | Villager (Male) |
| 10:30 | Queue | Fishing Ship |
| 11:12 | Queue | Unit 2550 |
| 11:16 | Queue | Villager (Male) |
| 11:20 | Queue | Villager (Male) |
| 11:31 | Queue | Villager (Male) |
| 11:45 | Queue | Villager (Male) |
| 11:49 | Queue | Villager (Male) |
| 11:53 | Queue | Unit 2550 |
| 12:02 | Queue | Villager (Male) |
| 12:16 | Build | Settlement |
| 12:24 | Queue | Fishing Ship |
| 12:25 | Queue | Fishing Ship |
| 12:30 | Build | House |
| 13:29 | Queue | Villager (Male) |
| 13:42 | Research | Feudal Age |
| 13:57 | Build | Dock |
| 14:54 | Build | Outpost |
| 15:14 | Queue | Unit 2550 |
| 16:04 | Queue | Unit 2550 |
| 16:10 | Age | Feudal Age |
| 16:22 | Queue | Villager (Male) |
| 16:25 | Research | Double-Bit Axe |
| 16:32 | Build | Market |
| 16:34 | Build | Blacksmith |
| 16:38 | Queue | Hulk |
| 16:38 | Queue | Hulk |
| 16:42 | Queue | Unit 2550 |
| 16:47 | Queue | Villager (Male) |
| 16:59 | Build | Settlement |
| 17:29 | Research | Castle Age |
| 17:54 | Queue | Hulk |
| 17:55 | Queue | Hulk |
| 17:55 | Queue | Hulk |
| 18:13 | Build | Settlement |
| 18:28 | Queue | Unit 2550 |
| 18:33 | Research | Gold Mining |
| 18:34 | Queue | Villager (Male) |
| 19:14 | Queue | Fire Galley |
| 19:14 | Queue | Fire Galley |
| 19:16 | Queue | Villager (Male) |
| 19:45 | Research | Tech 1402 |
| 19:48 | Queue | Villager (Male) |
| 19:59 | Build | Outpost |
| 20:04 | Queue | Villager (Male) |
| 20:09 | Age | Castle Age |
| 20:16 | Research | War Galley (upgrade) |
| 20:22 | Queue | Villager (Male) |
| 20:22 | Queue | Villager (Male) |
| 20:30 | Queue | Hulk |
| 20:30 | Queue | Hulk |
| 20:30 | Queue | Hulk |
| 20:56 | Queue | Villager (Male) |
| 20:59 | Queue | Hulk |
| 20:59 | Queue | Hulk |
| 21:04 | Queue | Villager (Male) |
| 21:13 | Queue | Unit 2586 |
| 21:13 | Queue | Unit 2586 |
| 21:44 | Build | Castle |
| 21:52 | Queue | Unit 2586 |
| 21:54 | Queue | Villager (Male) |
| 22:07 | Queue | Hulk |
| 22:07 | Queue | Hulk |
| 22:15 | Build | House |
| 22:17 | Build | House |
| 23:03 | Queue | Villager (Male) |
| 23:10 | Queue | Fire Galley |
| 23:10 | Queue | Fire Galley |
| 23:10 | Queue | Fire Galley |
| 23:19 | Queue | Unit 2586 |
| 23:19 | Queue | Unit 2586 |
| 23:22 | Queue | Villager (Male) |
| 23:25 | Research | Bow Saw |
| 23:49 | Queue | Villager (Male) |
| 24:00 | Queue | Unit 2586 |
| 24:02 | Queue | Villager (Male) |
| 24:06 | Build | Siege Workshop |
| 24:10 | Research | Fletching |
| 24:15 | Queue | Villager (Male) |
| 24:21 | Build | Farm |
| 24:33 | Queue | Fire Galley |
| 24:33 | Queue | Fire Galley |
| 24:34 | Queue | Villager (Male) |
| 24:40 | Queue | Battering Ram |
| 24:40 | Queue | Battering Ram |
| 24:44 | Build | Settlement |
| 24:50 | Build | Settlement |
| 25:01 | Queue | Unit 2586 |
| 25:05 | Queue | Villager (Male) |
| 25:20 | Queue | Hulk |
| 25:24 | Queue | Fire Galley |
| 25:24 | Queue | Fire Galley |
| 25:51 | Build | Outpost |
| 25:57 | Research | Scale Mail Armor |
| 26:09 | Queue | Battering Ram |
| 26:15 | Queue | Villager (Male) |
| 26:25 | Queue | Unit 2586 |
| 26:25 | Queue | Unit 2586 |
| 26:33 | Build | Settlement |
| 26:37 | Build | Farm |
| 26:37 | Build | Farm |
| 26:38 | Build | Farm |
| 26:38 | Build | Farm |
| 26:38 | Build | Farm |
| 26:38 | Build | Farm |
| 26:38 | Build | Farm |
| 27:00 | Queue | Unit 2586 |
| 27:01 | Queue | Villager (Male) |
| 27:35 | Queue | Villager (Male) |
| 27:51 | Queue | Hulk |
Build order — HighPingWizard
First 150 of 364 actions detected
| 0:07 | Build | Town Center |
| 0:58 | Build | Dock |
| 1:07 | Build | Dock |
| 1:09 | Build | House |
| 2:18 | Queue | Villager (Male) ×4 |
| 3:25 | Queue | Fishing Ship |
| 3:49 | Queue | Villager (Male) |
| 4:18 | Build | House |
| 4:26 | Queue | Villager (Male) |
| 4:49 | Queue | Villager (Male) |
| 5:13 | Queue | Villager (Male) |
| 5:14 | Queue | Fishing Ship |
| 5:35 | Queue | Villager (Male) |
| 5:41 | Build | House |
| 6:01 | Queue | Villager (Male) |
| 6:11 | Queue | Fishing Ship |
| 6:27 | Build | House |
| 6:33 | Queue | Villager (Male) |
| 6:41 | Build | House |
| 6:51 | Queue | Villager (Male) |
| 7:04 | Queue | Fishing Ship |
| 7:19 | Queue | Villager (Male) |
| 7:34 | Queue | Villager (Male) |
| 7:37 | Queue | Fishing Ship |
| 7:42 | Build | House |
| 8:15 | Queue | Villager (Male) |
| 8:15 | Queue | Fishing Ship |
| 8:30 | Queue | Villager (Male) |
| 8:36 | Build | House |
| 8:41 | Queue | Villager (Male) |
| 9:03 | Queue | Fishing Ship |
| 9:05 | Queue | Villager (Male) |
| 9:16 | Queue | Villager (Male) |
| 9:29 | Queue | Fishing Ship |
| 9:32 | Queue | Villager (Male) |
| 9:51 | Queue | Fishing Ship |
| 10:23 | Queue | Villager (Male) |
| 10:41 | Build | Palisade Wall |
| 10:56 | Build | Mining Camp |
| 11:04 | Queue | Villager (Male) |
| 11:27 | Research | Feudal Age |
| 11:42 | Build | Dock |
| 11:59 | Build | Lumber Camp |
| 13:06 | Build | House |
| 13:24 | Build | Palisade Wall |
| 13:25 | Build | Palisade Wall |
| 13:28 | Build | Palisade Wall |
| 13:37 | Queue | Villager (Male) |
| 13:44 | Age | Feudal Age |
| 13:48 | Queue | Hulk |
| 13:48 | Queue | Hulk |
| 13:49 | Queue | Villager (Male) |
| 13:53 | Build | Watch Tower |
| 14:01 | Build | Blacksmith |
| 14:30 | Queue | Hulk |
| 14:30 | Queue | Hulk |
| 14:30 | Queue | Villager (Male) |
| 14:44 | Research | Fletching |
| 14:52 | Queue | Villager (Male) |
| 14:56 | Build | Palisade Wall |
| 15:04 | Queue | Villager (Male) |
| 15:36 | Queue | Villager (Male) |
| 15:43 | Build | House |
| 15:53 | Build | House |
| 15:54 | Build | House |
| 16:01 | Queue | Villager (Male) |
| 16:21 | Build | Palisade Wall |
| 16:23 | Queue | Villager (Male) |
| 16:30 | Build | Palisade Wall |
| 16:32 | Build | Palisade Wall |
| 16:41 | Build | Palisade Wall |
| 16:46 | Build | Lumber Camp |
| 16:47 | Queue | Villager (Male) |
| 16:59 | Queue | Galley ×4 |
| 17:01 | Queue | Villager (Male) |
| 17:09 | Build | Mill |
| 17:28 | Research | Loom |
| 17:38 | Queue | Villager (Male) |
| 17:39 | Queue | Villager (Male) |
| 17:55 | Queue | Villager (Male) |
| 18:02 | Build | Palisade Wall |
| 18:11 | Build | Market |
| 18:32 | Queue | Galley |
| 18:32 | Queue | Galley |
| 18:47 | Build | Palisade Wall |
| 18:49 | Build | Palisade Gate |
| 19:01 | Research | Castle Age |
| 19:23 | Build | Palisade Wall |
| 19:27 | Queue | Villager (Male) |
| 19:43 | Build | Palisade Wall |
| 19:44 | Build | Palisade Wall |
| 19:45 | Build | Palisade Wall |
| 19:45 | Build | Palisade Wall |
| 19:46 | Build | Palisade Wall |
| 20:10 | Build | Lumber Camp |
| 20:20 | Build | Stone Wall |
| 20:28 | Build | Stone Wall |
| 20:51 | Queue | Villager (Male) |
| 20:53 | Build | Mining Camp |
| 21:16 | Build | Stone Wall |
| 21:37 | Research | Double-Bit Axe |
| 21:38 | Research | Horse Collar |
| 21:48 | Age | Castle Age |
| 21:48 | Queue | Galley |
| 21:48 | Queue | Galley |
| 21:52 | Research | War Galley (upgrade) |
| 22:00 | Research | Bodkin Arrow |
| 22:02 | Queue | Villager (Male) |
| 22:30 | Queue | Hulk |
| 22:30 | Queue | Hulk |
| 22:35 | Build | House |
| 22:53 | Queue | Hulk |
| 22:56 | Queue | Villager (Male) |
| 23:11 | Build | Watch Tower |
| 23:18 | Build | Stone Wall |
| 23:22 | Build | Stone Wall |
| 23:23 | Build | Stone Wall |
| 23:24 | Build | Stone Wall |
| 23:25 | Build | Stone Wall |
| 23:40 | Queue | Villager (Male) ×5 |
| 23:43 | Queue | Fire Galley |
| 23:54 | Build | Dock |
| 24:03 | Build | Gate |
| 24:08 | Queue | Villager (Male) |
| 24:16 | Build | Stone Wall |
| 24:23 | Queue | Villager (Male) |
| 24:31 | Queue | Fire Galley |
| 24:37 | Queue | Fire Galley |
| 24:50 | Build | Town Center |
| 24:51 | Queue | Villager (Male) |
| 24:59 | Build | Mining Camp |
| 25:07 | Queue | Fire Galley |
| 25:08 | Queue | Villager (Male) |
| 25:13 | Queue | Villager (Male) |
| 25:18 | Build | Barracks |
| 25:33 | Queue | Fishing Ship |
| 25:44 | Build | House |
| 25:56 | Queue | Fishing Ship |
| 26:14 | Queue | Hulk |
| 26:20 | Queue | Villager (Male) |
| 26:50 | Build | House |
| 26:51 | Build | House |
| 27:04 | Build | Siege Workshop |
| 27:11 | Queue | Villager (Male) |
| 27:31 | Build | Stone Wall |
| 27:32 | Build | Stone Wall |
| 27:34 | Build | Stone Wall |
| 27:48 | Queue | Mangonel |
| 27:55 | Build | Stone Wall |
| 27:59 | Queue | Villager (Male) ×5 |
Match timeline
| 0:09 | niksu · first_building Dock |
| 0:58 | HighPingWizard · first_building Dock |
| 8:46 | niksu · first_building Barracks |
| 10:41 | HighPingWizard · wall_segment Palisade Wall x20 |
| 13:24 | HighPingWizard · wall_segment Palisade Wall x1 |
| 13:25 | HighPingWizard · wall_segment Palisade Wall x1 |
| 13:28 | HighPingWizard · wall_segment Palisade Wall x1 |
| 13:44 | HighPingWizard · age_up feudal |
| 14:56 | HighPingWizard · wall_segment Palisade Wall x8 |
| 16:10 | niksu · age_up feudal |
| 16:21 | HighPingWizard · wall_segment Palisade Wall x3 |
| 16:30 | HighPingWizard · wall_segment Palisade Wall x15 |
| 16:32 | HighPingWizard · wall_segment Palisade Wall x4 |
| 16:41 | HighPingWizard · wall_segment Palisade Wall x3 |
| 18:02 | HighPingWizard · wall_segment Palisade Wall x5 |
| 18:47 | HighPingWizard · wall_segment Palisade Wall x8 |
| 18:56 | HighPingWizard · first_market_sell 100 food |
| 19:23 | HighPingWizard · wall_segment Palisade Wall x3 |
| 19:43 | HighPingWizard · wall_segment Palisade Wall x1 |
| 19:44 | HighPingWizard · wall_segment Palisade Wall x1 |
| 19:45 | HighPingWizard · wall_segment Palisade Wall x1 |
| 19:45 | HighPingWizard · wall_segment Palisade Wall x1 |
| 19:46 | HighPingWizard · wall_segment Palisade Wall x1 |
| 20:09 | niksu · age_up castle |
| 20:20 | HighPingWizard · wall_segment Stone Wall x7 |
| 20:28 | HighPingWizard · wall_segment Stone Wall x24 |
| 21:11 | HighPingWizard · first_market_buy 100 stone |
| 21:16 | HighPingWizard · wall_segment Stone Wall x11 |
| 21:44 | niksu · first_building Castle |
| 21:48 | HighPingWizard · age_up castle |
| 23:18 | HighPingWizard · wall_segment Stone Wall x5 |
| 23:22 | HighPingWizard · wall_segment Stone Wall x1 |
| 23:23 | HighPingWizard · wall_segment Stone Wall x1 |
| 23:24 | HighPingWizard · wall_segment Stone Wall x1 |
| 23:25 | HighPingWizard · wall_segment Stone Wall x2 |
| 24:06 | niksu · first_building Siege Workshop |
| 24:16 | HighPingWizard · wall_segment Stone Wall x1 |
| 25:18 | HighPingWizard · first_building Barracks |
| 25:55 | niksu · first_market_buy 100 food |
| 27:04 | HighPingWizard · first_building Siege Workshop |
| 27:31 | HighPingWizard · wall_segment Stone Wall x1 |
| 27:32 | HighPingWizard · wall_segment Stone Wall x1 |
| 27:34 | HighPingWizard · wall_segment Stone Wall x1 |
| 27:55 | HighPingWizard · wall_segment Stone Wall x1 |
| 28:10 | HighPingWizard · wall_segment Stone Wall x1 |
| 28:11 | HighPingWizard · wall_segment Stone Wall x1 |
| 28:41 | HighPingWizard · wall_segment Stone Wall x1 |
| 30:22 | HighPingWizard · first_building Castle |
| 30:58 | HighPingWizard · wall_segment Stone Wall x8 |
| 31:14 | niksu · first_market_sell 100 wood |
| 32:48 | HighPingWizard · first_building Archery Range |
| 33:22 | HighPingWizard · wall_segment Stone Wall x1 |
| 34:53 | HighPingWizard · age_up imperial |
| 35:06 | niksu · age_up imperial |
| 35:19 | niksu · wall_segment Stone Wall x20 |
| 35:20 | niksu · wall_segment Stone Wall x6 |
| 38:16 | niksu · wall_segment Stone Wall x1 |
| 38:54 | niksu · wall_segment Stone Wall x1 |
| 39:30 | HighPingWizard · wall_segment Stone Wall x1 |
| 43:19 | HighPingWizard · first_building Stable |
| 49:35 | niksu · first_building Monastery |
| 53:54 | niksu · resign |
[ AI ANALYSIS · 1 CREDIT ]
What really happened in this match?
Wolo.gg analyzes every decision: build order, eco, micro, common mistakes by bracket. Personalized analysis on WhatsApp or Discord in 30 seconds.
Civ guide
Muisca
Perfil
Jugador #1885593